 Dungeon Crawl Stone Soup version 0.23-a0-310-gdcc7a32 (webtiles) character file.

2203 namelastname112 the Carver (level 9, 0/79 HPs)
             Began as a Black Draconian Chaos Knight on Oct 12, 2018.
             Was a Plaything of Xom.
             Slain by a wight
             ... wielding a +0 morningstar
              (3 damage)
             ... on level 7 of the Dungeon.
             The game lasted 00:10:21 (6094 turns).

namelastname112 the Carver (DrCK)                   Turns: 6094, Time: 00:10:22

Health: 0/79       AC:  9    Str: 16    XL:     9   Next: 12%
Magic:  9/9        EV: 15    Int: 14    God:    Xom [..*...]
Gold:   352        SH:  0    Dex: 13    Spells: 8/8 levels left

rFire    . . .     SeeInvis .   a - +0 falchion (chaos)
rCold    . . .     Gourm    .   (no shield)
rNeg     . . .     Faith    .   (armour unavailable)
rPois    .         Spirit   .   (helmet restricted)
rElec    +         Reflect  .   h - +1 cloak
rCorr    .         Harm     .   (no gloves)
MR       +....                  (no boots)
Stlth    +.........             (no amulet)
HPRegen  0.23/turn              g - +2 ring of slaying
MPRegen  0.11/turn              p - ring of protection from magic

@: starving
A: breathe lightning, unfitting armour, clever 1, electricity resistance,
cold-blooded, AC +7
a: Breathe Lightning, Renounce Religion


You were on level 7 of the Dungeon.
You worshipped Xom.
You were a toy of Xom.
You were starving.

You visited 1 branch of the dungeon, and saw 7 of its levels.

You collected 352 gold pieces.

Inventory:

Hand Weapons
 a - a +0 falchion of chaos (weapon)
Armour
 h - a +1 cloak (worn)
Jewellery
 g - a +2 ring of slaying (left hand)
 p - a ring of protection from magic (right hand)
Wands
 m - a wand of polymorph (17)
Scrolls
 c - a scroll of remove curse
 e - 7 scrolls of identify
Potions
 n - a potion of agility
Comestibles
 b - 10 rations


   Skills:
 + Level 7.3 Fighting
 * Level 9.2 Long Blades
 + Level 5.9 Dodging


You had 8 spell levels left.
You didn't know any spells.
Your spell library was empty.

Dungeon Overview and Level Annotations

Branches:
Dungeon (7/15)             Temple (0/1) D:4

Altars:
Ashenzari
Fedhas
Ru

Annotations:
D:6 Blork the orc


Innate Abilities, Weirdness & Mutations

You can breathe wild blasts of lightning.
Your glossy black scales are hard. (AC +7)
You cannot fit into any form of body armour.
You are resistant to electric shocks. (rElec)
You are cold-blooded and may be slowed by cold attacks.
Your mind is acute. (Int +2)


Message History

Xom is highly amused!
The hungry ghost barely misses you.
You riposte.
You completely miss the hungry ghost.
Your tail-slap misses the hungry ghost.
The hungry ghost is severely damaged.
You take 3 damage, and have 1/79 hp.
You slash the hungry ghost!
Lightning courses through the hungry ghost!
You destroy the hungry ghost!
Your life force feels restored.
The wight closely misses you.
You see here a ring mail.
You have got your breath back.
Xom decides to shift things around a little.
The wight blinks!
You are now a toy of Xom.
The wight closely misses you.
You hit the wight but do no damage. You hit the wight but do no damage.
The wight hits you with a morningstar.
You die...
Xom cackles wildly!

#.#.# #.# **,** *#.#........a##?#
#.#.###.###.## *#.....<....#.#*
#..a..z.....$#* *#.#a#........#*
###.###.#####.**#..#.###.?.#...#*
#?# #.# **,#.#,#$####.#.###.# #a#
#a# *#.#*,#.za.....# *.# #.# #.#
##**,######.#.#**,# ###.#
#.##########.######z##.,,,, a.z.#
#.).z.[.z.@z.##.(...#**,*** #####
###############.##### *,* ## #z#
****,* .# #.# *,,,,* z# #a#
*,**** .# ##### #§# *,*
a#######...# #§# *,*
...az..z.#§##########§# *,*
##########§.a§§§§§§§a§# *,*


You could see 3 wights.

Vanquished Creatures
  Grinder (D:4)
  A hungry ghost (D:7)
  Menkaure (D:5)
  Edmund (D:4)
  Duvessa (D:4)
  An orc warrior (D:5)
  2 ice beasts
  2 ogres (D:4)
  A centaur (D:5)
  A bullfrog (D:6)
  A scorpion (D:4)
  A wight (D:7)
  An electric eel (D:6)
  A bullfrog zombie (D:5)
  A hound (D:5)
  A jelly (D:6)
  5 orc priests
  Crazy Yiuf (D:2)
  Ijyb (D:4)
  An iguana (D:5)
  4 orc wizards
  6 worker ants
  4 gnolls (D:3)
  7 adders
  An ooze (D:3)
  An adder skeleton (D:6)
  5 worms
  2 dart slugs
  2 leopard geckos
  23 orcs
  5 bats
  3 giant cockroaches
  7 goblins
  8 hobgoblins
  7 jackals
  4 kobolds
  A quokka (D:3)
  A ball python (D:2)
  2 frilled lizards (D:4)
  A leopard gecko skeleton (D:4)
  A quokka zombie (D:5)
  13 rats
134 creatures vanquished.

Vanquished Creatures (collateral kills)
  An orc wizard (D:3)
1 creature vanquished.

Vanquished Creatures (others)
  Sigmund (D:2)
  A goblin (D:1)
  A fire vortex (D:5)
3 creatures vanquished.

Grand Total: 138 creatures vanquished

Notes
Turn   | Place    | Note
-------+----------+-------------------------------------------
     0 | D:1      | namelastname112 the Draconian Chaos Knight began the quest
                  | for the Orb.
     0 | D:1      | Reached XP level 1. HP: 19/19 MP: 1/1
    63 | D:1      | XOM: harmless Air miscast
   211 | D:1      | Reached XP level 2. HP: 26/26 MP: 2/2
   214 | D:1      | XOM: noise
   262 | D:1      | XOM: noise
   527 | D:1      | XOM: harmless Necr miscast
   702 | D:1      | Malog: че устал чтоли
   848 | D:1      | namelastname112: да чет решил там дракена табнуть
   848 | D:1      | namelastname112: но он не хотел
   875 | D:2      | Reached XP level 3. HP: 25/31 MP: 3/3
  1039 | D:2      | XOM: harmless Erth miscast
  1229 | D:2      | Found a runed door.
  1233 | D:2      | Noticed Crazy Yiuf
  1239 | D:2      | Killed Crazy Yiuf
  1239 | D:2      | Reached skill level 4 in Long Blades
  1239 | D:2      | Reached XP level 4. HP: 18/40 MP: 4/4
  1344 | D:2      | XOM is BORED!
  1362 | D:2      | Malog: во норм пацан
  1382 | D:2      | Malog: не ссытся юифа обоссаного
  1428 | D:2      | Noticed an ice beast
  1436 | D:2      | XOM: harmless Chrm miscast
  1441 | D:2      | XOM: potion effect (brilliance)
  1489 | D:2      | Killed an ice beast
  1489 | D:2      | Reached XP level 5. HP: 12/47 MP: 5/5
  1740 | D:2      | Noticed Sigmund
  1750 | D:2      | Malog: а вот зигмунд опасно
  1756 | D:2      | Killed Sigmund
  1756 | D:2      | XOM: divine lightning
  1764 | D:2      | Malog: че это было
  1771 | D:2      | namelastname112: The area is suffused with divine
                  | lightning! The blast of lightning engulfs Sigmund.
  1806 | D:2      | Malog: это ксом веселится?
  1884 | D:2      | namelastname112: да
  1962 | D:2      | Malog: пиздец он шотнул тупо зигмунда
  2239 | D:3      | Malog: ксом радуется наверняка амулету
  2250 | D:3      | Reached skill level 5 in Long Blades
  2251 | D:3      | XOM: give mutations
  2251 | D:3      | Gained mutation: You are frail. (-10% HP) [Xom's mischief]
  2251 | D:3      | Lost mutation: You are frail. (-10% HP) [Xom's mischief]
  2251 | D:3      | Gained mutation: Your mind is acute. (Int +2) [Xom's
                  | mischief]
  2402 | D:3      | Reached XP level 6. HP: 43/53 MP: 6/6
  2512 | D:3      | XOM: 3-stop teleportation journey
  3202 | D:3      | XOM: summons 3 friendly demons
  3449 | D:4      | Noticed Ijyb
  3461 | D:4      | Killed Ijyb
  3495 | D:4      | Found a blossoming altar of Fedhas.
  3533 | D:4      | Reached skill level 5 in Fighting
  3815 | D:4      | Reached skill level 6 in Long Blades
  3815 | D:4      | Your scales start taking on a glossy black colour.
  3815 | D:4      | Reached XP level 7. HP: 40/61 MP: 7/7
  3815 | D:4      | Gained mutation: You are resistant to electric shocks.
                  | (rElec) [Black Draconian growth]
  3863 | D:4      | Noticed Edmund
  3881 | D:4      | Killed Edmund
  4001 | D:4      | Found a shattered altar of Ashenzari.
  4001 | D:4      | XOM: harmless Tloc miscast
  4143 | D:4      | Malog: красивый
  4185 | D:4      | XOM: silly message
  4219 | D:4      | Reached skill level 7 in Long Blades
  4250 | D:4      | Noticed Duvessa
  4260 | D:4      | Killed Duvessa
  4445 | D:4      | Reached XP level 8. HP: 67/70 MP: 8/8
  4480 | D:4      | Found a sacrificial altar of Ru.
  4499 | D:4      | Found a staircase to the Ecumenical Temple.
  4519 | D:4      | Noticed Grinder
  4531 | D:4      | Paralysed by Grinder for 3 turns
  4537 | D:4      | Paralysed by Grinder for 4 turns
  4543 | D:4      | Killed Grinder
  4575 | D:4      | Reached skill level 5 in Dodging
  4618 | D:4      | namelastname112: где брат этой дуры мертвой
  4738 | D:5      | Entered Level 5 of the Dungeon
  4978 | D:5      | Reached skill level 8 in Long Blades
  5164 | D:5      | XOM: divination: magic mapping
  5235 | D:5      | XOM: fog
  5284 | D:5      | Noticed Menkaure
  5290 | D:5      | Killed Menkaure
  5575 | D:5      | HP: 2/71 [orc warrior/halberd (15)]
  5790 | D:5      | XOM: mild Fire miscast
  5958 | D:6      | Reached XP level 9. HP: 74/79 MP: 9/9
  5959 | D:6      | Noticed Blork the orc
  5976 | D:6      | Reached skill level 9 in Long Blades
  6004 | D:7      | XOM: harmless Tmut miscast
  6022 | D:7      | XOM: cast spell 'Alistair's Intoxication'
  6080 | D:7      | HP: 3/79 [hungry ghost (2)]
  6084 | D:7      | HP: 1/79 [wight/enchanted halberd (3)]
  6092 | D:7      | XOM: blink monster(s)
  6094 | D:7      | Slain by a wight

Vault maps used:
D:1:      minmay_arrival_open_corners, minmay_misc_feat_secret_circle,
          minmay_pentomino_x2
D:2:      uniq_crazy_yiuf_cottage, uniq_sigmund
D:3:      grunt_decor_mini_mirrors
D:4:      fedhas_altar_1, kennysheep_mini, nicolae_ru_great_annihilating_truth,
          minmay_temple_entry_from_below_a, first_ration, uniq_grinder,
          uniq_edmund, uniq_duvessa, uniq_ijyb
D:5:      uniq_menkaure
D:6:      serial_bayou, serial_bayou_pond_a, serial_bayou_pond_d,
          serial_bayou_lagoon_b, serial_bayou_shore_a, palyth_stone_intersect,
          uniq_blork_the_orc
D:7:      okawaru_metal_pillars_1_2

Skill      XL: |  1  2  3  4  5  6  7  8  9 |
---------------+----------------------------+-----
Long Blades    | 4 5 6 7 8 9 |  9.2
Fighting       | 4 5 7 |  7.3
Dodging        | 3 4 5 |  5.9

Action                   |  1- 3 |  4- 6 |  7- 9 || total
-------------------------+-------+-------+-------++-------
Melee: Falchion          |    57 |   181 |   179 ||   417
       Tailslap          |     8 |    21 |    25 ||    54
 Abil: Breathe Lightning |       |       |     4 ||     4
Evoke: Wand              |       |       |     1 ||     1
  Use: Scroll            |       |     1 |     6 ||     7
       Potion            |       |       |     4 ||     4
 Stab: Paralysed         |     1 |     3 |     1 ||     5
       Sleeping          |       |     1 |     1 ||     2
       Invisible         |       |       |     1 ||     1
  Eat: Chunk             |     1 |     7 |     8 ||    16
Armor: Skin              |    13 |    56 |    39 ||   108
Dodge: Dodged            |    40 |   106 |   116 ||   262
       Rpst.: Falchion   |    16 |    26 |    30 ||    72

Table legend:
 A = Non-vault XP
 B = Vault XP
 C = Vault XP percentage of total XP
 D = Non-vault monster count
 E = Vault monster count
 F = Vault count percentage of total count
                 A         B        C        D         E       F
            +---------+---------+-------+---------+---------+-------
      Total |    2261 |     887 |  28.2 |     124 |      11 |   8.1
            +---------+---------+-------+---------+---------+-------
        D:1 |      31 |       1 |   3.1 |      18 |       1 |   5.3
        D:2 |     216 |      40 |  15.6 |      24 |       1 |   4.0
        D:3 |     235 |       0 |   0.0 |      39 |       0 |   0.0
        D:4 |     573 |     674 |  54.0 |      19 |       8 |  29.6
        D:5 |     738 |     172 |  18.9 |      17 |       1 |   5.6
        D:6 |     186 |       0 |   0.0 |       4 |       0 |   0.0
        D:7 |     282 |       0 |   0.0 |       3 |       0 |   0.0
            +---------+---------+-------+---------+---------+-------
